BLB
WINDY CITY BLUES @ BATAVIA MUCKDOGS
09/26/2059
 
TOP OF THE 1ST
Windy City Blues batting - Pitching for Batavia Muckdogs : LHP Dwyane Essex
Pitching: LHP Dwyane Essex
Batting: RHB Ty Dec 0-0: Ball
1-0: Ball
2-0: Called Strike
2-1: Ball
3-1: Called Strike
3-2: Foul Ball, location: 2F
3-2: Strikes out looking
Batting: RHB Dulani Cherry 0-0: Ball
1-0: Ball
2-0: Foul Ball, location: 2F
2-1: Swinging Strike
2-2: Ball
3-2: Base on Balls
Batting: RHB Ezekiel Wolfson 0-0: Ball
1-0: Called Strike
1-1: Swinging Strike
1-2: Ball
2-2: Foul Ball, location: 2F
2-2: Ball
3-2: Base on Balls
Dulani Cherry to second
Batting: RHB Corbin Herron 0-0: Foul Ball, location: 2F
0-1: Swinging Strike
0-2: Ball
1-2: Fly out, F8 (Flyball, 78M, EV 88.8 MPH)
Batting: RHB Adrien Jimenez 0-0: Called Strike
0-1: Ball
1-1: SINGLE (Line Drive, 9S, EV 104.4 MPH)
Dulani Cherry to third
Ezekiel Wolfson to second
Runner from 3rd tries for Home, SAFE, throw by RF to home
Batting: RHB Brad Castro 0-0: Called Strike
0-1: Ball
1-1: Swinging Strike
1-2: Foul Ball, location: 2F
1-2: SINGLE (Line Drive, 7LM, EV 86.2 MPH)
Ezekiel Wolfson to third
Adrien Jimenez to second
Runner from 3rd tries for Home, throw by LF and OUT! 7-2
Top of the 1st over - 1 run, 2 hits, 0 errors, 2 left on base; Windy City 1 - Batavia 0
BOTTOM OF THE 1ST
Batavia Muckdogs batting - Pitching for Windy City Blues : RHP Richard Kramer
Pitching: RHP Richard Kramer
Batting: LHB Stefan Ciolino 0-0: Ball
1-0: Ball
2-0: SINGLE (Groundball, 34D, EV 96.2 MPH)
Batting: RHB R.J. McCarthy 0-0: Ball
1-0: Foul Ball, location: 2F
1-1: Ball
2-1: SINGLE (Line Drive, 8LS, EV 89.4 MPH)
Stefan Ciolino to second
Batting: LHB Donald Dworkin 0-0: Ball
1-0: Grounds into double play, 4-6-3 (Groundball, 4D, EV 87.5 MPH)
Stefan Ciolino to third
Batting: LHB Edward Schachter 0-0: Ball
1-0: Ball
2-0: SINGLE (Line Drive, 89S, EV 111.9 MPH)
Stefan Ciolino scores
Batting: RHB Wade Cummins 0-0: Ball
1-0: Ball
2-0: DOUBLE (Groundball, 5L, EV 105.0 MPH)
Edward Schachter to third
Runner from 3rd tries for Home, SAFE, no throw by LF
Batting: SHB Quinton Brown 0-0: Called Strike
0-1: Foul Ball, location: 2F
0-2: Ball
1-2: Strikes out looking
Bottom of the 1st over - 2 runs, 4 hits, 0 errors, 1 left on base; Windy City 1 - Batavia 2
TOP OF THE 2ND
Windy City Blues batting - Pitching for Batavia Muckdogs : LHP Dwyane Essex
Batting: RHB Forest Cordova 0-0: Called Strike
0-1: Swinging Strike
0-2: Ball
1-2: Strikes out swinging
Batting: RHB K.J. Avery 0-0: Foul Ball, location: 2F
0-1: Foul Ball, location: 2F
0-2: Ball
1-2: Strikes out looking
Batting: SHB Cam Phillip 0-0: Called Strike
0-1: Foul Ball, location: 2F
0-2: Strikes out swinging
Top of the 2nd over - 0 runs, 0 hits, 0 errors, 0 left on base; Windy City 1 - Batavia 2
BOTTOM OF THE 2ND
Batavia Muckdogs batting - Pitching for Windy City Blues : RHP Richard Kramer
Batting: LHB Carl Brinkley 0-0: SINGLE (Groundball, 34D, EV 108.1 MPH)
Batting: RHB Colby Cooper 0-0: Ball
1-0: Ball
2-0: Swinging Strike
2-1: Ball
3-1: Fly out, F9 (Flyball, 89XD, EV 107.5 MPH)
Batting: RHB Destin Fransen 0-0: Called Strike
0-1: Ball
1-1: Ball
2-1: Swinging Strike
2-2: Strikes out swinging
Batting: LHB Stefan Ciolino 0-0: Called Strike
0-1: Called Strike
0-2: Ball
Wild Pitch!
Carl Brinkley to second
1-2: Foul Ball, location: 2F
1-2: Foul Ball, location: 2F
1-2: Foul Ball, location: 2F
1-2: Foul Ball, location: 2F
1-2: Ball
2-2: Foul Ball, location: 2F
2-2: Fly out, F9 (Flyball, 9S, EV 83.1 MPH)
Bottom of the 2nd over - 0 runs, 1 hit, 0 errors, 1 left on base; Windy City 1 - Batavia 2
TOP OF THE 3RD
Windy City Blues batting - Pitching for Batavia Muckdogs : LHP Dwyane Essex
Batting: RHB Ty Dec 0-0: Ball
1-0: Ball
2-0: Called Strike
2-1: Called Strike
2-2: Foul Ball, location: 2F
2-2: Ball
3-2: Base on Balls
Batting: RHB Dulani Cherry 0-0: Called Strike
0-1: Ball
1-1: Called Strike
Pickoff Throw to First - Out! 1-3
1-2: Ball
2-2: SINGLE (Line Drive, 89M, EV 107.5 MPH)
Batting: RHB Ezekiel Wolfson Pickoff Throw to First - Out! 1-3 CS
0-0: Swinging Strike
0-1: Ball
1-1: Ball
2-1: SOLO HOME RUN (Flyball, 7D, EV 96.2 MPH), Distance : 367 ft
Batting: RHB Corbin Herron 0-0: Ball
1-0: Foul Ball, location: 2F
1-1: Called Strike
1-2: Ball
2-2: Ball
3-2: Fly out, F7 (Flyball, 7S, EV 86.2 MPH)
Top of the 3rd over - 1 run, 2 hits, 0 errors, 0 left on base; Windy City 2 - Batavia 2
BOTTOM OF THE 3RD
Batavia Muckdogs batting - Pitching for Windy City Blues : RHP Richard Kramer
Batting: RHB R.J. McCarthy 0-0: Ball
1-0: Ground out 5-3 (Groundball, 5, EV 76.2 MPH)
Batting: LHB Donald Dworkin 0-0: Called Strike
0-1: SINGLE (Groundball, 56D, EV 104.4 MPH)
Batting: LHB Edward Schachter 0-0: Called Strike
0-1: Ball
1-1: Called Strike
1-2: Ball
2-2: Ball
3-2: Foul Ball, location: 2F
3-2: Ground out 6-3 (Groundball, 6, EV 88.8 MPH)
Donald Dworkin to second
Batting: RHB Wade Cummins 0-0: Called Strike
0-1: 2-RUN HOME RUN (Flyball, 7LD, EV 96.2 MPH), Distance : 350 ft
Batting: SHB Quinton Brown 0-0: Ball
1-0: Ball
2-0: Ball
3-0: Called Strike
3-1: Called Strike
3-2: Strikes out swinging
Bottom of the 3rd over - 2 runs, 2 hits, 0 errors, 0 left on base; Windy City 2 - Batavia 4
TOP OF THE 4TH
Windy City Blues batting - Pitching for Batavia Muckdogs : LHP Dwyane Essex
Batting: RHB Adrien Jimenez 0-0: Called Strike
0-1: Foul Ball, location: 2F
0-2: Strikes out looking
Batting: RHB Brad Castro 0-0: Called Strike
0-1: Foul Ball, location: 2F
0-2: Ball
1-2: DOUBLE (Line Drive, 78D, EV 110.0 MPH)
Batting: RHB Forest Cordova 0-0: Called Strike
0-1: Called Strike
0-2: Strikes out swinging
Batting: RHB K.J. Avery 0-0: Ball
1-0: Ball
2-0: Ball
3-0: Called Strike
3-1: Swinging Strike
3-2: DOUBLE (Line Drive, 89D, EV 113.1 MPH)
Brad Castro scores
Batting: SHB Cam Phillip 0-0: Reached on error, E6 (Groundball, 6, EV 78.8 MPH)
K.J. Avery to third
Batting: RHB Ty Dec 0-0: Swinging Strike
0-1: Ball
1-1: SINGLE (Groundball, 25, EV 68.1 MPH) (infield hit)
K.J. Avery scores
Cam Phillip to second
Batting: RHB Dulani Cherry 0-0: Fielders Choice at 2nd, 5-4 (Groundball, 56, EV 83.1 MPH)
Top of the 4th over - 2 runs, 3 hits, 1 error, 2 left on base; Windy City 4 - Batavia 4
BOTTOM OF THE 4TH
Batavia Muckdogs batting - Pitching for Windy City Blues : RHP Richard Kramer
Batting: LHB Carl Brinkley 0-0: Ball
1-0: Ball
2-0: Called Strike
2-1: Swinging Strike
2-2: Strikes out swinging
Batting: RHB Colby Cooper 0-0: Ball
1-0: Swinging Strike
1-1: Ball
2-1: Called Strike
2-2: Ball
3-2: Base on Balls
Batting: RHB Destin Fransen 0-0: Ball
Colby Cooper steals 2nd base
1-0: Ball
2-0: SINGLE (Flyball, 4D, EV 87.5 MPH)
Colby Cooper to third
Batting: LHB Stefan Ciolino 0-0: Swinging Strike
0-1: Called Strike
0-2: Ball
1-2: Foul Ball, location: 2F
1-2: Foul Ball, location: 2F
1-2: Ball
2-2: Ball
3-2: Foul Ball, location: 2F
3-2: Fly out, F7 (Flyball, 7, EV 88.8 MPH)
Runner from 3rd tags up, SCORES, throw by LF
Pitching: RHP Grant Randolph
Batting: RHB R.J. McCarthy 0-0: Ball
1-0: Fly out, F9 (Flyball, 9S, EV 90.6 MPH)
Bottom of the 4th over - 1 run, 1 hit, 0 errors, 1 left on base; Windy City 4 - Batavia 5
TOP OF THE 5TH
Windy City Blues batting - Pitching for Batavia Muckdogs : LHP Dwyane Essex
Batting: RHB Ezekiel Wolfson 0-0: Fly out, F7 (Flyball, 7, EV 93.8 MPH)
Batting: RHB Corbin Herron 0-0: Ball
1-0: Foul Ball, location: 2F
1-1: SINGLE (Groundball, 56D, EV 106.2 MPH)
Batting: RHB Adrien Jimenez 0-0: Foul Ball, location: 2F
0-1: Foul Ball, location: 2F
0-2: Foul Ball, location: 2F
0-2: Ball
1-2: Ball
2-2: Foul Ball, location: 2F
2-2: Ball
3-2: Strikes out swinging
Pitching: RHP Chance Loya
Batting: RHB Brad Castro 0-0: Foul Ball, location: 2F
0-1: Foul Ball, location: 2F
0-2: Ball
1-2: Ball
2-2: Ball
3-2: Foul Ball, location: 2F
3-2: Strikes out looking
Top of the 5th over - 0 runs, 1 hit, 0 errors, 1 left on base; Windy City 4 - Batavia 5
BOTTOM OF THE 5TH
Batavia Muckdogs batting - Pitching for Windy City Blues : RHP Grant Randolph
Batting: LHB Donald Dworkin 0-0: Called Strike
0-1: SINGLE (Groundball, 4D, EV 105.0 MPH)
Batting: LHB Edward Schachter 0-0: Called Strike
0-1: Fly out, F6 (Popup, 6D, EV 61.2 MPH)
Batting: RHB Wade Cummins 0-0: Fly out, F8 (Flyball, 8RM, EV 87.5 MPH)
Batting: SHB Quinton Brown Pickoff Throw to First - Out! 1-3
Bottom of the 5th over - 0 runs, 1 hit, 0 errors, 0 left on base; Windy City 4 - Batavia 5
TOP OF THE 6TH
Windy City Blues batting - Pitching for Batavia Muckdogs : RHP Chance Loya
Batting: RHB Forest Cordova 0-0: Ball
1-0: Ground out 6-3 (Groundball, 6S, EV 80.6 MPH)
Batting: RHB K.J. Avery 0-0: Ball
1-0: Ball
2-0: DOUBLE (Flyball, 78XD, EV 107.5 MPH)
Batting: SHB Cam Phillip 0-0: Ball
1-0: SINGLE (Line Drive, 56D, EV 95.0 MPH)
K.J. Avery to third
Runner from 3rd tries for Home, SAFE, throw by LF to home
Batting: RHB Ty Dec 0-0: Ball
1-0: Fly out, F8 (Flyball, 8LS, EV 90.6 MPH)
Batting: RHB Dulani Cherry 0-0: Ground out 5-3 (Groundball, 25, EV 85.6 MPH)
Top of the 6th over - 1 run, 2 hits, 0 errors, 1 left on base; Windy City 5 - Batavia 5
BOTTOM OF THE 6TH
Batavia Muckdogs batting - Pitching for Windy City Blues : RHP Grant Randolph
Batting: SHB Quinton Brown 0-0: Called Strike
0-1: Ball
1-1: Ball
2-1: Ball
3-1: Base on Balls
Batting: LHB Carl Brinkley 0-0: Bunted foul
0-1: Ball
Quinton Brown is caught stealing 2nd base 2-6
1-1: Fly out, F8 (Flyball, 8LS, EV 95.6 MPH)
Batting: RHB Colby Cooper 0-0: Called Strike
0-1: Ball
1-1: Foul Ball, location: 2F
1-2: Strikes out swinging
Bottom of the 6th over - 0 runs, 0 hits, 0 errors, 0 left on base; Windy City 5 - Batavia 5
TOP OF THE 7TH
Windy City Blues batting - Pitching for Batavia Muckdogs : RHP Chance Loya
Batting: RHB Ezekiel Wolfson 0-0: Called Strike
0-1: Swinging Strike
0-2: Foul Ball, location: 2F
0-2: Ball
1-2: Strikes out looking
Batting: RHB Corbin Herron 0-0: Ball
1-0: Ball
2-0: Swinging Strike
2-1: Called Strike
2-2: Foul Ball, location: 2F
2-2: SINGLE (Groundball, 6D, EV 96.2 MPH)
Pitching: LHP Keaton Bice
Batting: RHB Adrien Jimenez 0-0: Swinging Strike
0-1: Swinging Strike
0-2: Ball
1-2: Strikes out looking
Batting: RHB Brad Castro 0-0: Called Strike
0-1: Ball
1-1: Fielders Choice at 2nd, 6-4 (Groundball, 6, EV 90.0 MPH)
Top of the 7th over - 0 runs, 1 hit, 0 errors, 1 left on base; Windy City 5 - Batavia 5
BOTTOM OF THE 7TH
Batavia Muckdogs batting - Pitching for Windy City Blues : RHP Grant Randolph
Pitching: RHP R.V. Weatherby
Batting: RHB Destin Fransen 0-0: Ball
1-0: Called Strike
1-1: Foul Ball, location: 2F
1-2: Foul Ball, location: 2F
1-2: Ball
2-2: Ball
3-2: Strikes out swinging
Batting: LHB Stefan Ciolino 0-0: Ball
1-0: Ground out 1-3 (Groundball, 13S, EV 63.8 MPH)
Batting: RHB R.J. McCarthy 0-0: Ball
1-0: Called Strike
1-1: Called Strike
1-2: Strikes out swinging
Bottom of the 7th over - 0 runs, 0 hits, 0 errors, 0 left on base; Windy City 5 - Batavia 5
TOP OF THE 8TH
Windy City Blues batting - Pitching for Batavia Muckdogs : LHP Keaton Bice
Batting: RHB Forest Cordova 0-0: Foul Ball, location: 2F
0-1: Fly out, F8 (Flyball, 8RM, EV 82.5 MPH)
Batting: RHB K.J. Avery 0-0: Called Strike
0-1: Ball
1-1: Called Strike
1-2: Ground out 6-3 (Groundball, 56, EV 86.2 MPH)
Batting: SHB Cam Phillip 0-0: Ball
1-0: Swinging Strike
1-1: Fly out, F7 (Line Drive, 7, EV 102.5 MPH)
Top of the 8th over - 0 runs, 0 hits, 0 errors, 0 left on base; Windy City 5 - Batavia 5
BOTTOM OF THE 8TH
Batavia Muckdogs batting - Pitching for Windy City Blues : RHP R.V. Weatherby
Batting: LHB Donald Dworkin 0-0: Ball
1-0: Foul Ball, location: 2F
1-1: Ground out 3-1 (Groundball, 34S, EV 81.2 MPH)
Batting: LHB Edward Schachter 0-0: Called Strike
0-1: Called Strike
0-2: Strikes out swinging
Batting: RHB Wade Cummins 0-0: Ball
1-0: Foul Ball, location: 2F
1-1: Ball
2-1: Called Strike
2-2: Foul Ball, location: 2F
2-2: SINGLE (Flyball, 8RS, EV 88.1 MPH)
Pitching: LHP Cooper Ritchey
Batting: SHB Quinton Brown 0-0: Ball
1-0: Ball
2-0: Ball
Pickoff Throw by Catcher to First - Error! E2
Wade Cummins to second
3-0: Base on Balls
Batting: LHB Carl Brinkley 0-0: Ball
1-0: Called Strike
1-1: Ball
2-1: Ball
3-1: SINGLE (Groundball, 56D, EV 101.2 MPH)
Wade Cummins to third
Quinton Brown to second
Runner from 3rd tries for Home, SAFE, throw by LF to home
Batting: RHB Colby Cooper 0-0: Ball
1-0: Foul Ball, location: 2F
1-1: Called Strike
1-2: Strikes out swinging
Bottom of the 8th over - 1 run, 2 hits, 1 error, 2 left on base; Windy City 5 - Batavia 6
TOP OF THE 9TH
Windy City Blues batting - Pitching for Batavia Muckdogs : LHP Keaton Bice
Pitching: LHP Isaac Bates
Now at 3B: Archibald Vasquez
Now in LF: Willis Neil
Batting: RHB Ty Dec 0-0: Ball
1-0: Ground out 6-3 (Groundball, 6, EV 88.1 MPH)
Batting: RHB Dulani Cherry 0-0: Ball
1-0: Called Strike
1-1: Ball
2-1: Foul Ball, location: 2F
2-2: Strikes out swinging
Batting: RHB Ezekiel Wolfson 0-0: Foul Ball, location: 2F
0-1: Fly out, F8 (Line Drive, 8RD, EV 90.6 MPH)
Top of the 9th over - 0 runs, 0 hits, 0 errors, 0 left on base; Windy City 5 - Batavia 6
Friday, April 5th , 2024 - OOTP Baseball 23.10 Build 110